cohdb
Replays
Latest Replays
All Replays
Popular Replays
Top Player Replays
Match Explorer
How It Works
Community
CoH3 Stats
Reddit
Sign in to upload your games and track your stats! →
Sign in with Steam
Match 42237070
Unlisted
Match 42237070
Overview
Messages
Build Orders
End
Construct Barracks
Engineer Squad
Selects Advanced Infantry Battlegroup
Riflemen Squad
.30 cal Machine Gun
M1 Mortar Team
Grenade Package
Engineer Squad
Construct Weapon Support Center
Improved M9 Bazooka Rockets
Riflemen Squad
Selects Convert to Ranger Squad
.30 cal Machine Gun
Convert to Ranger Squad
Construct Medical Station
Selects Frontline Medical Station
Air Support Center
Bazooka Squad
Engineer Squad
M3 Armored Personnel Carrier
Selects Ranger Weapon Training
M3 Armored Personnel Carrier
Selects Ranger Weapon Training
Selects Ammunition Storage
Engineer Squad
Grasshopper Recon Run
P-47 Strafing Run
Bazooka Squad
M1919 Machine Gun Team
mikego
Guderian ITA
0
0
Comments
sign in to comment!
No comments posted yet!